 Dungeon Crawl Stone Soup version 0.30-a0-879-ga8ba668304 (webtiles) character file.

Game seed: 5265073035220927530

114 112233 the Magician (level 4, -3/27 HPs)
             Began as an Octopode Conjurer on Mar 14, 2023.
             Slain by an iguana (13 damage)
             ... on level 4 of the Dungeon.
             The game lasted 00:01:22 (2487 turns).

112233 the Magician (Octopode Conjurer)             Turns: 2487, Time: 00:01:23

Health: -3/27      AC:  1    Str:  6    XL:     4   Next: 97%
Magic:  10/10      EV: 13    Int: 22    God:
Gold:   54         SH:  0    Dex: 10    Spells: 9/12 levels left

rFire   + . .      SeeInvis .    q - +4 sling "Xarenev" {flame, rF+}
rCold   . . .      Faith    .    (no shield)
rNeg    . . .      Spirit   .    (helmet restricted)
rPois   .          Reflect  .    (no amulet)
rElec   .          Rampage  .    (no ring)
rCorr   .                        (no ring)
Will    .....                    (no ring)
Stlth   +++                      (no ring)
HPRegen 0.24/turn                (no ring)
MPRegen 0.12/turn                (no ring)
                                 (no ring)
                                 (no ring)

@: silenced
A: almost no armour, amphibious, 8 rings, camouflage 1, gelatinous body 1,
nimble swimmer 1, tentacles
a: no special abilities


You were on level 4 of the Dungeon.
You visited 1 branch of the dungeon, and saw 4 of its levels.

You collected 54 gold pieces.

Inventory:

Hand Weapons
 q - the +4 sling "Xarenev" (weapon) {flame, rF+}
   (You found it on level 2 of the Dungeon)

   rF:        It protects you from fire.
Jewellery
 c - an amulet of magic regeneration
 n - an amulet of guardian spirit
Wands
 l - a wand of light (5)
Scrolls
 e - 2 scrolls of enchant weapon
 j - a scroll of teleportation {unknown}
 k - 2 scrolls of identify
Potions
 a - a potion of magic
 b - 2 potions of heal wounds
 d - 2 potions of degeneration {unknown}
 g - a potion of might {unknown}
 h - 3 potions of mutation {unknown}
 i - 2 potions of curing {unknown}
 m - a potion of lignification {unknown}
 o - a potion of attraction {unknown}


   Skills:
 - Level 2.0 Dodging
 - Level 2.6 Stealth
 + Level 4.6 Spellcasting
 - Level 4.0 Conjurations


You had 9 spell levels left.
You knew the following spells:

 Your Spells              Type           Power      Damage    Failure   Level
a - Magic Dart            Conj           88%        1d7       1%          1
b - Searing Ray           Conj           44%        2d6       3%          2

Your spell library contained the following spells:

 Spells                   Type           Power      Damage    Failure   Level
 Kiss of Death            Conj/Necr      52%        2d9       4%          1
 Dazzling Flash           Conj/Hex       26%        N/A       14%         3
 Confusing Touch          Hex            5%         N/A       32%         3
 Fulminant Prism          Conj/Hex       6%         3d6       43%         4
 Iskenderun's Mystic Bla  Conj/Tloc      13%        2d5       43%         4
 Dispel Undead            Necr           5%         3d7       71%         4
 Freezing Cloud           Conj/Ice/Air   5%         6-21      86%         5
 Simulacrum               Ice/Necr       2%         N/A       100%        6
 Polar Vortex             Ice            2%         N/A       100%        9


Dungeon Overview and Level Annotations

Branches:
Dungeon (4/15)
 Temple: D:4-7

Altars:
Uskayaw


Innate Abilities, Weirdness & Mutations

You cannot wear most types of armour.
You are amphibious.
You can wear up to eight rings at the same time.
Your skin changes colour to match your surroundings (Stealth+).
Your rubbery body absorbs attacks. (AC +1, EV +1)
You are camouflaged when in or above water. (Stealth+)
You have tentacles for arms and can constrict up to eight enemies at once.


Message History

An orc comes into view. It is wielding a +0 short sword.
As you read the scroll labelled WETOUN LELA, it crumbles to dust.
Your body is wracked with pain!
The orc convulses! x2; The scorpion convulses!
The orc convulses!
The adder convulses!
The orc convulses! x2
The iguana convulses!
The orc priest convulses!
The orc wizard convulses!
The orc convulses!
It was a scroll of torment.
The scorpion stings you.
* * * LOW HITPOINT WARNING * * *
An ogre comes into view. It is wielding a +0 giant spiked club.
An endoplasm comes into view.
The orc hits you with a +0 hand axe!
* * * LOW HITPOINT WARNING * * *
As you read the scroll labelled WAHEOBA LAKLA, it crumbles to dust.
A profound silence engulfs you.
It was a scroll of silence.
The scorpion barely misses you.
The orc priest hits the bush but does no damage.
Unknown command.
Magic scrolls do not work when you're silenced!
Unknown command.
It was a potion of heal wounds.
You feel much better. The scorpion stings you.
An orc comes into view. It is wielding a +0 whip.
The scorpion stings you.
An orc wizard comes into view. It is wielding a +0 dagger.
Unknown command.
Magic scrolls do not work when you're silenced!
Unknown command.
You cannot cast spells when silenced!
Unknown command.
You shoot a sling bullet.
The sling bullet closely misses the orc.
The sling bullet hits the adder.
The sling bullet burns the adder.
The adder is almost dead.
The orc hits you with a +0 hand axe. The scorpion stings you.
The orc hits you with a +1 whip of freezing.
The orc freezes you.
An orc comes into view. It is wielding a +0 war axe.
The orc hits the bush with a +0 dagger.
You shoot a sling bullet. The sling bullet barely misses the orc.
The sling bullet closely misses the adder.
The scorpion barely misses you. The orc misses you. The iguana bites you!
You die...

*#.#,,* *,,,,,,~~,,,,,,,~~,,,*
*#.#,,* *,....,oPP**,**,,,**,*
,...,,***.,...,.o♣*,,,**,,**,*
*#.#*,,,,..#.o#♣o♣,,,,,*,***,*
#.#*,**,......♣J.,,_,,,,*,*,****
#<#*,,,,#..O..♣o♣,,,,,*,*,,,,,,,
#.##,,,,....o.Po♣♣,,,**,,,,>,,,,
#..#,,>,....oooPP♣♣.♣*,,,,,,,,**
##.#,,,,....)So@P..P,,,~~*,,,,*
**#.#,,,,......l≈s.♣♣*,,~~,,,,,*
...............$..##,,,***,,,,,*
######............#*,*** *,*,***
*,,,,,,............,,* *,,,*
,,******#..........#** **,,* ***
*.........## **** *.........#
*,,,,******


You could see an ogre, a scorpion, an iguana, an orc priest, 2 orc wizards, an
adder, 8 orcs and an endoplasm.

Vanquished Creatures
  Natasha (thrice) (D:2)
  A dart slug (D:1)
  4 endoplasms
  3 giant cockroaches
  3 goblins (D:1)
  2 hobgoblins
  3 quokkas
  5 ball pythons
  4 bats
  3 frilled lizards
  4 kobolds
  3 rats
38 creatures vanquished.

Vanquished Creatures (others)
  A butterfly (D:4)
1 creature vanquished.

Grand Total: 39 creatures vanquished

Notes
Turn   | Place    | Note
-------+----------+-------------------------------------------
     0 | D:1      | 112233 the Octopode Conjurer began the quest for the Orb.
     0 | D:1      | Reached XP level 1. HP: 11/11 MP: 3/3
   188 | D:1      | Reached XP level 2. HP: 17/17 MP: 0/5
   935 | D:1      | Reached XP level 3. HP: 21/21 MP: 3/7
  1177 | D:2      | Noticed Natasha
  1181 | D:2      | Killed Natasha
  1250 | D:2      | Noticed Natasha
  1252 | D:2      | Learned a level 2 spell: Searing Ray
  1260 | D:2      | Killed Natasha
  1261 | D:2      | Reached XP level 4. HP: 27/27 MP: 0/10
  1422 | D:2      | Noticed Natasha
  1426 | D:2      | Killed Natasha
  1487 | D:2      | Found a hide-covered altar of Uskayaw.
  1791 | D:2      | Identified the +4 sling "Xarenev" {flame, rF+}
  2211 | D:3      | Found a faded altar of an unknown god.
  2480 | D:4      | Noticed a scorpion
  2483 | D:4      | Noticed an ogre
  2483 | D:4      | HP: 1/27 [orc/+0 hand axe (7)]
  2487 | D:4      | Slain by an iguana

Illustrated notes

Levels and vault maps discovered:
D:1:      eino_arrival_cavern_a, layout_basic
D:2:      layout_loops_ring, serial_rivers, chequers_serial_rivers_marsh,
          chequers_serial_rivers_large_a, chequers_serial_rivers_small_b,
          chequers_serial_rivers_small_a, chequers_serial_rivers_micro_c,
          basic_altar, uniq_natasha
D:3:      layout_loops_corners, nicolae_hepliaklqana_hippocampus,
          lemuel_zombie_altar_kikubaaqudgha, basic_ecumenical_altar,
          serial_shops, shop
D:4:      layout_rooms, mainiacjoe_overflow_catwalk,
          nicolae_elyvilon_peaceful_grove

Skill      XL: |  1  2  3 |
---------------+----------+-----
Spellcasting   | 3 4 |  4.6
Dodging        | |  2.0
Stealth        | |  2.6
Conjurations   | |  4.0

Action                     |  1- 3 |  4- 6 || total
---------------------------+-------+-------++-------
  Melee: Unarmed           |     4 |       ||     4
         Tentacles         |     2 |       ||     2
   Fire: Sling             |       |     4 ||     4
   Cast: Magic Dart        |    50 |    21 ||    71
         Searing Ray       |     1 |       ||     1
    Use: Scroll            |       |     4 ||     4
         Potion            |       |     1 ||     1
  Dodge: Dodged            |     4 |     6 ||    10

Table legend: (Time is in decaauts)
 A = Elapsed time spent in this place.
 B = Non-inter-level travel time spent in this place.
 C = Inter-level travel time spent in this place.
 D = Time resting spent in this place.
 E = Time spent auto-exploring this place.
 F = Levels seen in this place.
 G = Mean time per level.
                   A        B        C        D        E       F      G
               +--------+--------+--------+--------+--------+-----+--------+
         Total |   2487 |   2372 |    115 |      3 |   2190 |   4 |  621.8 |
       Dungeon |   2487 |   2372 |    115 |      3 |   2190 |   4 |  621.8 |
               +--------+--------+--------+--------+--------+-----+--------+

Top non-repeatable levels by time:
     D:1: 1152 daAuts
     D:2: 1048 daAuts
     D:3: 274 daAuts
     D:4: 12 daAuts
